Map: [ESL] Gresvan

Players

Mixu

  • Race: Zerg Zerg
  • Spawn Location: 5:00

trigger - Winner!

  • Race: Protoss Protoss
  • Spawn Location: 11:00

Event: ESL SC2 Masters 2023 Summer (Finals)

VOD

Have the link to the VOD?

Description

Time

  • Played on: June 16, 2023, 9:54 a.m.
  • Length: 10:07

All games in this series

Show
View Real Time Build Order
Export as new Build Order

Mixu Zerg 

Build Orders: Hatch First 

Get SALT Encoding   

  12  0:00  Drone  
  13  0:12  Overlord  
  13  0:16  Drone  
  14  0:30  Drone  
  14  0:31  Drone  
  16  0:44  Drone  
  17  0:50  Hatchery  
  17  0:54  Drone  
  17  0:58  Drone  
  18  1:07  Extractor  
  17  1:13  Spawning Pool  
  17  1:17  Drone  
  17  1:20  Drone  
  18  1:31  Drone  
  19  1:38  Drone  
  20  1:49  Overlord  
  20  2:01  Queen  
  20  2:03  Queen, Drone  
  20  2:05  Zergling x2  
  26  2:10  Zergling x2  
  26  2:14  Drone, Metabolic Boost  
  28  2:22  Drone  
  29  2:25  Drone  
  30  2:37  Hatchery  
  30  2:38  Drone  
  30  2:40  Drone  
  31  2:45  Queen  
  31  2:49  Overlord  
  33  2:52  Drone  
  33  2:54  Drone  
  35  3:05  Overlord  
  35  3:07  Drone  
  35  3:11  Spore Crawler  
  35  3:14  Spore Crawler  
  35  3:18  Drone x4  
  35  3:19  Queen  
  40  3:21  Drone  
  40  3:22  Overlord  
  43  3:28  Zergling x4  
  43  3:36  Queen, Drone  
  43  3:40  Drone x2  
  48  3:49  Drone x3  
  48  3:52  Spore Crawler x2  
  49  4:02  Drone x3  
  51  4:03  Drone x3  
  53  4:12  Drone x2  
  53  4:22  Overlord, Drone x4  
  57  4:27  Drone x2  
  57  4:28  Drone  
  60  4:31  Zergling x2, Evolution Chamber  
  60  4:38  Drone x3  
  63  4:42  Drone  
  64  4:46  Drone x3  
  64  4:51  Drone x2  
  69  4:53  Hatchery  
  69  4:57  Overlord  
  68  5:00  Overlord, Zerg Melee Weapons Level 1  
  68  5:06  Roach Warren  
  67  5:08  Spore Crawler  
  67  5:09  Overlord  
  67  5:10  Extractor  
  67  5:11  Lair  
  65  5:17  Drone x5  
  65  5:18  Overlord  
  69  5:23  Drone x4  
  69  5:25  Drone  
  69  5:26  Overlord  
  71  5:29  Drone  
  72  5:39  Extractor x2  
  72  5:40  Zergling x10  
  75  5:47  Queen  
  81  5:50  Drone x10  
  86  5:57  Overlord  
  86  5:58  Zergling x2  
  86  6:02  Zergling x2  
  88  6:06  Overlord, Spore Crawler  
  88  6:07  Zergling x4  
  88  6:08  Queen  
  91  6:13  Zergling x8, Glial Reconstitution  
  91  6:15  Baneling Nest  
  94  6:20  Zergling x12  
  94  6:22  Zergling x4  
  100  6:28  Zergling x4  
  100  6:31  Queen  
  100  6:32  Zergling x4  
  104  6:38  Zergling x4  
  99  6:40  Zergling x6  
  99  6:45  Zergling x4  
  104  6:50  Zergling x10  
  103  6:54  Zergling x10  
  103  6:55  Hatchery, Zergling x2, Zerg Melee Weapons Level 2  
  103  6:58  Zergling x4  
  103  7:01  Zergling x2  
  107  7:04  Zergling x4  
  106  7:08  Zergling x8  
  106  7:13  Zergling x4  
  107  7:17  Queen, Zergling x2  
  107  7:18  Zergling x6  
  107  7:21  Zergling x4  
  107  7:22  Zergling x6  
  117  7:23  Zergling x6  
  117  7:24  Overlord  
  117  7:27  Zergling x2  
  114  7:32  Zergling x2  
  114  7:34  Zergling x2  
  114  7:36  Zergling x4  
  113  7:42  Drone, Zergling x6  
  118  7:47  Overlord  
  118  7:48  Roach  
  118  7:50  Roach x2  
  118  7:51  Roach, Overlord  
  124  7:56  Overlord  
  124  7:57  Roach  
  122  8:02  Roach x2  
  124  8:06  Roach x2  
  124  8:12  Roach x5  
  138  8:16  Roach x4  
  138  8:19  Zergling x10  
  143  8:24  Roach x5  
  144  8:27  Roach  
  144  8:31  Roach x2  
  138  8:35  Roach x2  
  138  8:40  Zergling x12  
  136  8:46  Roach x5  
  133  8:52  Ravager  
  133  8:53  Zergling x10  
  136  8:57  Zergling x8  
  136  9:02  Roach x2  
  137  9:03  Ravager x2  
  141  9:10  Zergling x6  
  141  9:13  Extractor  
  141  9:14  Zergling x2  
  141  9:15  Extractor  
  141  9:16  Ravager  
  139  9:18  Baneling x10  
  139  9:20  Drone x2  
  141  9:24  Drone x2  
  141  9:27  Zergling x2  
  141  9:28  Overlord x5  
  141  9:37  Overlord  
  136  9:48  Zergling x4  
  127  9:54  Drone x3  
Show
View Real Time Build Order
Export as new Build Order

trigger Protoss - Winner!

Build Orders: 1 Gate Expand, Oracle Opening 

Get SALT Encoding   

  12  0:00  Probe  
  13  0:12  Probe  
  14  0:20  Pylon  
  14  0:24  Probe  
  15  0:38  Probe (Chrono Boost)  
  15  0:41  Gateway  
  16  0:48  Probe (Chrono Boost)  
  16  0:49  Assimilator  
  17  0:53  Probe (Chrono Boost)  
  18  1:05  Probe  
  19  1:17  Probe  
  20  1:27  Nexus  
  20  1:37  Cybernetics Core  
  20  1:40  Probe  
  20  1:45  Assimilator  
  21  1:52  Probe  
  22  1:55  Pylon  
  22  2:04  Probe  
  23  2:10  Adept (Chrono Boost)  
  23  2:13  Probe  
  25  2:20  Stargate  
  25  2:21  Probe  
  26  2:27  Warp Gate  
  27  2:36  Probe (Chrono Boost), Adept  
  30  2:39  Probe (Chrono Boost)  
  31  2:49  Probe x2 (Chrono Boost)  
  33  2:55  Probe  
  33  2:57  Probe  
  35  3:04  Oracle (Chrono Boost)  
  38  3:07  Probe  
  38  3:09  Probe  
  40  3:17  Adept  
  40  3:19  Probe  
  43  3:21  Probe  
  44  3:28  Pylon  
  44  3:31  Probe  
  44  3:33  Probe  
  44  3:35  Oracle (Chrono Boost)  
  44  3:38  Gateway  
  45  3:43  Probe  
  45  3:45  Pylon  
  45  3:46  Probe  
  47  3:53  Pylon  
  47  3:55  Probe  
  48  3:58  Probe  
  49  4:05  Oracle  
  49  4:07  Probe  
  49  4:09  Assimilator  
  51  4:10  Probe  
  51  4:13  Assimilator  
  51  4:15  Adept  
  54  4:19  Probe  
  54  4:22  Probe  
  56  4:24  Nexus  
  56  4:25  Pylon  
  56  4:31  Twilight Council  
  56  4:34  Adept  
  56  4:37  Probe x2  
  60  4:38  Stalker  
  62  4:48  Pylon  
  62  4:49  Probe x2  
  64  4:53  Gateway  
  64  4:55  Stalker  
  66  5:01  Probe  
  66  5:02  Probe, Stalker  
  66  5:05  Gateway  
  66  5:06  Blink (Chrono Boost)  
  70  5:14  Probe  
  71  5:17  Probe  
  71  5:19  Shield Battery  
  72  5:30  Probe, Stalker x2  
  72  5:35  Gateway  
  77  5:37  Gateway  
  77  5:40  Probe  
  77  5:41  Probe  
  79  5:51  Stalker  
  79  5:55  Stalker x2  
  85  6:01  Probe x3, Forge  
  85  6:03  Pylon  
  85  6:04  Pylon  
  88  6:07  Stalker  
  90  6:12  Robotics Facility  
  90  6:14  Stalker  
  92  6:19  Pylon  
  92  6:22  Stalker x2  
  92  6:24  Probe  
  92  6:25  Probe x2  
  99  6:33  Protoss Ground Weapons Level 1 (Chrono Boost)  
  99  6:35  Stalker x3  
  103  6:40  Gateway  
  103  6:42  Gateway  
  103  6:43  Stalker  
  105  6:48  Stalker x2  
  105  6:53  Probe  
  110  6:59  Gateway  
  110  7:01  Gateway  
  108  7:10  Stalker x4  
  108  7:14  Pylon  
  116  7:23  Warp Prism (Chrono Boost)  
  114  7:32  Stalker x2  
  112  7:37  Stalker x3  
  112  7:38  Stalker  
  112  7:40  Stalker x2  
  124  7:46  Pylon  
  124  7:48  Pylon  
  124  7:50  Pylon  
  124  7:53  Charge (Chrono Boost)  
  124  7:55  Pylon  
  122  8:08  Stalker x5  
  122  8:12  Zealot x3  
  118  8:39  Stalker x4  
  118  8:40  Zealot, Stalker x3  
  128  8:51  Zealot x2  
  128  8:55  Pylon  
  132  8:56  Nexus  
  132  9:14  Probe x2  
  132  9:16  Pylon  
  134  9:18  Pylon, Gateway  
  134  9:22  Zealot x10  
  152  9:33  Probe x2  
  152  9:43  Probe  
  152  9:45  Observer  
  152  9:50  Probe  
  131  9:57  Zealot x10  
Tags
 
Add a new tag
Caveats
  • Supply blocks, unpowered buildings, or Contaminate may cause inaccurate times.
  • Supply counts are checked every 10 seconds.